 Dungeon Crawl Stone Soup version 0.19.5 (webtiles) character file.

12 smedtjen the Sneak (level 2, 0/13 HPs)
             Began as a Spriggan Enchanter on May 29, 2017.
             Slain by Natasha (2 damage)
             ... on level 2 of the Dungeon.
             The game lasted 00:07:59 (1814 turns).

smedtjen the Sneak (Spriggan Enchanter)             Turns: 1814, Time: 00:08:00

Health: 0/13       AC:  3    Str:  4    XL:     2   Next: 20%
Magic:  6/6        EV: 18    Int: 16    God:
Gold:   27         SH:  0    Dex: 16    Spells: 2 memorised, 3 levels left

rFire  . . .     SeeInvis +     l - +0 short sword
rCold  . . .     Gourm    .     b - +1 robe
rNeg   . . .     Faith    .     (shield restricted)
rPois  .         Spirit   .     (helmet restricted)
rElec  .         Reflect  .     (no cloak)
rCorr  .         Harm     .     (gloves unavailable)
MR     .....                    (boots unavailable)
Stlth  +++.......               (no amulet)
                                (no ring)
                                (no ring)

@: slowed, quick
A: unfitting armour, see invisible, herbivore 3, speed 3, slow metabolism 2
a: no special abilities


You were on level 2 of the Dungeon.
You were not hungry.

You visited 1 branch of the dungeon, and saw 2 of its levels.

You collected 27 gold pieces.

Inventory:

Hand Weapons
 g - a +0 hunting sling
 h - a +1 dagger
 l - a +0 short sword (weapon)
Missiles
 e - 58 stones (quivered)
 f - 12 arrows
Armour
 b - a +1 robe (worn)
Scrolls
 a - a scroll of fog {unknown}
 j - a scroll of random uselessness {unknown}
 k - a scroll of remove curse {unknown}
 m - a scroll of recharging {unknown}
Potions
 i - a potion of cancellation
 n - a potion of magic {unknown}
Books
 c - a book of Maledictions

   Spells                             Type                      Level
   a - Corona                         Hexes                        1
   b - Ensorcelled Hibernation        Hexes/Ice                    2
   c - Confuse                        Hexes                        3
   d - Tukima's Dance                 Hexes                        3
   e - Dazzling Spray                 Conjuration/Hexes            3
Comestibles
 d - a bread ration


   Skills:
 + Level 1.1 Short Blades
 + Level 3.2 Dodging
 + Level 4.7 Stealth
 + Level 2.8 Spellcasting
 + Level 4.0 Hexes


You had 3 spell levels left.
You knew the following spells:

 Your Spells              Type           Power        Failure   Level  Hunger
a - Corona                Hex            ###....      4%          1    #......
b - Ensorcelled Hibernat  Hex/Ice        #.....       14%         2    ##.....


Dungeon Overview and Level Annotations

Branches:
Dungeon (2/15)

Altars:

Annotations:
D:2 Natasha, Terence


Innate Abilities, Weirdness & Mutations

You are very small and have problems with some larger weapons.
You are too small for most types of armour.
You have supernaturally acute eyesight. (SInv)
You are a herbivore.
You cover ground extremely quickly.
You need consume almost no food.


Message History

The worm is severely wounded.
The worm bites you!
Ouch! That really hurt!
* * * LOW HITPOINT WARNING * * *
Found a sapphire potion.
Found 19 stones.
n - a sapphire potion You start resting.
Natasha is nearby!
Natasha is nearby!
You hit the goblin.
You kill the goblin!
Your Hexes skill increases to level 4!
Natasha casts a spell at you.
You feel yourself slow down.
You see here a club.
You hit Natasha.
Natasha is moderately wounded.
Natasha claws you.
You die...

. (<####
#................# ..
.@...
#................###
#.##..#
#......##..........#
#..<..#
#......##.##........
.....#.#
..###...####.######....
...... ..
...............w.......
.##....
###.###...#.#.#...###....
#.#### #.h.#.#.#...#
#.... .. #.@.# #.#...#
#.... .. #...#.#.#...#
#.... #.. #.....#.#...#
#...$ #.#####.#...# #....
#.. #.#...# #.... ##.
#...# #.... . ##### #....
.. #####.... #........


You could see Natasha.

Vanquished Creatures
  A worm (D:2)
  A leopard gecko (D:1)
  2 goblins
  A ball python (D:2)
  A bat (D:1)
  2 frilled lizards (D:1)
  A kobold (D:2)
  A rat (D:1)
10 creatures vanquished.

Notes
Turn   | Place    | Note
-------+----------+-------------------------------------------
     0 | D:1      | smedtjen the Spriggan Enchanter began the quest for the Orb.
     0 | D:1      | Reached XP level 1. HP: 9/9 MP: 5/5
  1066 | D:2      | Noticed Terence
  1743 | D:2      | Reached XP level 2. HP: 8/13 MP: 4/6
  1747 | D:2      | Learned a level 2 spell: Ensorcelled Hibernation
  1761 | D:2      | Noticed Natasha
  1814 | D:2      | Slain by Natasha

Skill      XL: |  1  2 |
---------------+-------+-----
Hexes          | 4 |  4.0
Short Blades   | |  1.1
Dodging        | |  3.2
Stealth        | |  4.7
Spellcasting   | |  2.8

Action                   || total
-------------------------++-------
Melee: Short sword       ||    37
       Dagger            ||    18
 Fire: Hunting sling     ||     5
 Cast: Corona            ||    13
       Ensorcelled Hiber ||     2
  Use: Scroll            ||     1
 Stab: Sleeping          ||     1
Armor: Robe              ||     3
Dodge: Dodged            ||    39
